AoeStats
← Le Rhinoceros

Migration

507940322Analyzed
1v1 RM · 12d ago on Sep 20, 2026· 29m 25s· 2 players
Game mode
Random Map
Map size
132×132
Population
200
Speed
Normal
Resources
Standard
Victory
Conquest
Starting age
Dark Age
Ending age
Imperial Age
RankedLock teamsTeams togetherTeam positionsShared explorationLock speedFull tech treeHidden civsTurbo modeCheats
Victory
Defeat
🇫🇷 Lithuanians · France
901
+15
🇵🇱 Mongols · Poland
877
-15
Young Kaczyński :3
8:16 Loom
11:02 Feudal Age
11:44 Double-Bit Axe
11:40 Horse Collar
14:07 Wheelbarrow
14:19 Gold Mining
17:58 Man-at-Arms
19:19 Arson
19:48 Forging
20:15 Scale Mail Armor
23:46 Castle Age
Le Rhinoceros
0:28 Loom
11:47 Feudal Age
12:50 Fishing Lines
14:52 Double-Bit Axe
15:31 Horse Collar
17:29 Wheelbarrow
16:40 Town Watch
18:38 Gold Mining
19:15 Forging
19:06 Scale Mail Armor
20:44 Man-at-Arms
21:10 Arson
29:14 Castle Age
29:11 Bloodlines
Connection lost

Rejoining the realm…

Still unreachable

The connection could not be restored.

Session expired

The server has moved on; the page needs a fresh start.